 Dungeon Crawl Stone Soup version 0.30.1-3-gfc49f6343a (webtiles) character file.

Game seed: 1833439043532786404

32 boopmooplesden the Twirler (level 2, 0/24 HPs)
             Began as a Demigod Gladiator on Aug 4, 2023.
             Slain by Jessica
             ... wielding a +1 dagger of freezing
              (1 damage)
             ... on level 2 of the Dungeon.
             The game lasted 00:01:47 (1000 turns).

boopmooplesden the Twirler (Demigod Gladiator)      Turns: 1000, Time: 00:01:47

Health: 0/24       AC:  4    Str: 15    XL:     2   Next: 93%
Magic:  13/13      EV: 12    Int: 10    God:
Gold:   74         SH:  0    Dex: 15    Spells: 1/1 levels left

rFire   . . .        a - +0 quarterstaff
rCold   . . .        (shield currently unavailable)
rNeg    . . .        b - +0 leather armour
rPois   .            c - +0 helmet
rElec   .            (no cloak)
rCorr   .            (no gloves)
SInv    .            (no boots)
Will    .....        (no amulet)
Stlth   +            g - ring of magical power
HPRegen 0.24/turn    (no ring)
MPRegen 0.13/turn

%: no passive effects
@: no status effects
A: high MP 1, forlorn, divine attributes
a: no special abilities


You were on level 2 of the Dungeon.
You visited 1 branch of the dungeon, and saw 2 of its levels.

You collected 74 gold pieces.

Inventory:

Hand Weapons
 a - a +0 quarterstaff (weapon)
Missiles
 d - a throwing net (quivered)
 e - a javelin
Armour
 b - a +0 leather armour (worn)
 c - a +0 helmet (worn)
 f - a +0 cloak
Jewellery
 g - a ring of magical power (left hand)
Scrolls
 h - 4 scrolls of identify
Potions
 k - a potion of curing


   Skills:
 + Level 2.0 Fighting
 + Level 3.2 Staves
 + Level 1.8 Throwing
 + Level 0.5 Armour
 + Level 3.0 Dodging
 + Level 0.4 Stealth


You had one spell level left.
You didn't know any spells.
Your spell library contained the following spells:

 Spells                   Type           Power      Damage    Failure   Level
 Summon Forest            Summ/Tloc      0%         N/A       100%        5
 Eringya's Noxious Bog    Tmut/Pois      0%         N/A       100%        6
 Summon Hydra             Summ           0%         N/A       100%        7


Dungeon Overview and Level Annotations

Branches:
Dungeon (2/15)

Annotations:
D:2 Jessica


Innate Abilities, Weirdness & Mutations

You have an increased reservoir of magic. (+10% MP)
You shall have no god before yourself.
Your divine heritage dramatically boosts your attributes as you level up.


Message History

Press: ? - help, Q - select action, (/) - cycle Shift-Dir - straight line, f - Jessica
Aim: Jessica, wielding a +1 dagger of freezing and wearing a +0 robe (59% to hit)
You throw a throwing net. The throwing net hits Jessica.
Jessica is caught in the net!
Jessica struggles against the net.
Jessica gestures wildly while chanting.
Jessica blinks!
The kobold hits you but does no damage.
You see here a throwing net.
You thump the kobold!
You kill the kobold!
Jessica hits you with a +1 dagger of freezing.
Jessica freezes you.
* * * LOW HITPOINT WARNING * * *
Things that are here:
a +0 dagger; 2 stones; 7 gold pieces Throw: 2 throwing nets
Press: ? - help, Q - select action, (/) - cycle Shift-Dir - straight line, f/p - Jessica
Aim: Jessica, wielding a +1 dagger of freezing and wearing a +0 robe (59% to hit)
You throw a throwing net. The throwing net hits Jessica.
Jessica is caught in the net!
Jessica casts a spell at you. Pain shoots through your body!
* * * LOW HITPOINT WARNING * * *
Jessica struggles against the net.
You hit Jessica.
Jessica is lightly wounded.
You hit Jessica.
Jessica is heavily wounded.
Jessica says, "Why did you come here?"
Jessica struggles against the net.
You hit Jessica but do no damage.
Jessica is heavily wounded.
Jessica mumbles some strange words.
Jessica blinks!
You see here a throwing net.
Jessica hits you with a +1 dagger of freezing.
* * * LOW HITPOINT WARNING * * *
Jessica freezes you.
You die...

############### .
............... .#
###........# ##### .#
...........# ##...#.##
###.#####..#
##.......#
###.#####..###.......#
.............()(@@...#
#..†#####..###.......#
....................##
#...#####..#####.....#
##..# #..# #..#.#.#
#..# #... .........
#..# #... .......##
##..#####.## #......#
..........#


You could see Jessica.

Vanquished Creatures
  3 endoplasms
  2 giant cockroaches (D:1)
  4 goblins
  A hobgoblin (D:1)
  4 jackals (D:1)
  A quokka (D:1)
  3 ball pythons (D:1)
  4 bats
  2 frilled lizards (D:1)
  A kobold (D:2)
  3 rats
28 creatures vanquished.

Notes
Turn   | Place    | Note
-------+----------+-------------------------------------------
     0 | D:1      | boopmooplesden the Demigod Gladiator began the quest for
                  | the Orb.
     0 | D:1      | Reached XP level 1. HP: 17/17 MP: 3/3
   220 | D:1      | Reached XP level 2. HP: 24/24 MP: 4/4
   985 | D:2      | Noticed Jessica
  1000 | D:2      | HP: 1/24 [Jessica/+1 dagger of freezing (5)]
  1000 | D:2      | Slain by Jessica

Illustrated notes

Levels and vault maps discovered:
D:1:      lightli_arrival_boilingwater, layout_basic
D:2:      layout_loops_ring, nicolae_concentric_dashed_squares_mild,
          minmay_misc_feat_hallway, chequers_serial_rivers_room_a,
          hangedman_feature_mirror, uniq_jessica

Skill      XL: |  1  2 |
---------------+-------+-----
Staves         | 3 |  3.2
Dodging        | 3 |  3.0
Fighting       | 2 |  2.0
Throwing       | |  1.8
Armour         | |  0.5
Stealth        | |  0.4

Action                     || total
---------------------------++-------
  Melee: Quarterstaff      ||    86
  Throw: Throwing net      ||     2
    Use: Scroll            ||     5
   Stab: Sleeping          ||     2
 Armour: Leather armour    ||    39
  Dodge: Dodged            ||    79
